3AAA
FLORIDA MEN @ AUGUSTA TIMBER HAWKS
05/22/2030
 
TOP OF THE 1ST
Florida Men batting - Pitching for Augusta Timber Hawks : LHP Gary Barber
Pitching: LHP Gary Barber
Batting: RHB Israel Sanders 0-0: Ball
1-0: Called Strike
1-1: Ball
2-1: Ground out 5-3 (Groundball, 56)
Batting: RHB Warner Robinson 0-0: Ball
1-0: Fly out, F4 (Popup, 4M)
Batting: RHB Manny Maltby 0-0: Ball
1-0: Called Strike
1-1: Ball
2-1: Called Strike
2-2: Ball
3-2: Ground out U3 (Groundball, 3)
Top of the 1st over - 0 runs, 0 hits, 0 errors, 0 left on base; Florida 0 - Augusta 0
BOTTOM OF THE 1ST
Augusta Timber Hawks batting - Pitching for Florida Men : LHP Raymond Allan
Pitching: LHP Raymond Allan
Batting: RHB Emmanuele Lucchetti 0-0: Swinging Strike
0-1: Swinging Strike
0-2: Foul Ball, location: 2F
0-2: Foul Ball, location: 2F
0-2: Ball
1-2: SINGLE (Flyball, 89S)
Batting: LHB José Pérez 0-0: Ball
1-0: 2-RUN HOME RUN (Line Drive, 9D), Distance : 379 ft
Batting: RHB Dave Yates 0-0: Called Strike
0-1: Called Strike
0-2: Ball
1-2: Ground out 1-3 (Groundball, P)
Batting: RHB Luis Tapia 0-0: Ball
1-0: Ball
2-0: Ball
3-0: Base on Balls
Batting: RHB Jaime Cruz 0-0: Ball
1-0: Ball
2-0: Called Strike
2-1: Fly out, F6 (Popup, 6M)
Batting: RHB Jesús Recesvinto 0-0: Fly out, F8 (Flyball, 8RD)
Bottom of the 1st over - 2 runs, 2 hits, 0 errors, 1 left on base; Florida 0 - Augusta 2
TOP OF THE 2ND
Florida Men batting - Pitching for Augusta Timber Hawks : LHP Gary Barber
Batting: RHB Henry Lambright 0-0: Called Strike
0-1: Swinging Strike
0-2: Strikes out looking
Batting: SHB Spencer Landes 0-0: Ball
1-0: Ball
2-0: Foul Ball, location: 2F
2-1: Ball
3-1: Fly out, F7 (Flyball, 7LMF)
Batting: SHB Tim Fowler 0-0: Ball
1-0: Fly out, F7 (Line Drive, 7)
Top of the 2nd over - 0 runs, 0 hits, 0 errors, 0 left on base; Florida 0 - Augusta 2
BOTTOM OF THE 2ND
Augusta Timber Hawks batting - Pitching for Florida Men : LHP Raymond Allan
Batting: RHB Jorge López 0-0: Called Strike
0-1: Called Strike
0-2: Foul Ball, location: 2F
0-2: Foul Ball, location: 2F
0-2: Ball
1-2: Ball
2-2: Ball
3-2: Foul Ball, location: 2F
3-2: Strikes out swinging
Batting: LHB Juan Gabriel 0-0: Called Strike
0-1: Ball
1-1: Ball
2-1: Called Strike
2-2: Ball
3-2: Fly out, F9 (Flyball, 9LM)
Batting: SHB Nobuhisa Hatoyama 0-0: Called Strike
0-1: Ball
1-1: Swinging Strike
1-2: Ball
2-2: Ball
3-2: Ground out 5-3 (Groundball, 56)
Bottom of the 2nd over - 0 runs, 0 hits, 0 errors, 0 left on base; Florida 0 - Augusta 2
TOP OF THE 3RD
Florida Men batting - Pitching for Augusta Timber Hawks : LHP Gary Barber
Batting: LHB Jim Halpert 0-0: Ball
1-0: Foul Ball, location: 2F
1-1: Foul Ball, location: 2F
1-2: DOUBLE (Line Drive, 78S)
Batting: RHB Kyle Vandenbrink 0-0: Foul Ball, location: 2F
0-1: Fly out, F6 (Flyball, 6D)
Batting: LHB Iemitsu Hatsutori 0-0: Ball
1-0: Ball
2-0: Foul Ball, location: 2F
2-1: SINGLE (Groundball, 6MD)
Jim Halpert to third
Runner from 3rd tries for Home, SAFE, no throw
Batting: RHB Israel Sanders 0-0: Ball
1-0: Called Strike
1-1: Ball
2-1: SINGLE (Line Drive, 56D)
Iemitsu Hatsutori to second
Batting: RHB Warner Robinson 0-0: Ball
1-0: Ball
2-0: Foul Ball, location: 2F
2-1: Swinging Strike
2-2: Foul Ball, location: 2F
2-2: Grounds into double play, 1-6-3 (Groundball, 13S)
Top of the 3rd over - 1 run, 3 hits, 0 errors, 1 left on base; Florida 1 - Augusta 2
BOTTOM OF THE 3RD
Augusta Timber Hawks batting - Pitching for Florida Men : LHP Raymond Allan
Batting: RHB Emmanuele Lucchetti 0-0: Ball
1-0: Ground out 1-3 (Groundball, 15)
Batting: LHB José Pérez 0-0: Ball
1-0: Ball
2-0: TRIPLE (Line Drive, 8LXD)
Batting: RHB Dave Yates 0-0: Called Strike
0-1: Ball
1-1: Foul Ball, location: 2F
1-2: Ball
2-2: Ground out 6-3 (Groundball, 6)
José Pérez scores
Batting: RHB Luis Tapia 0-0: Ball
1-0: Called Strike
1-1: Ball
2-1: Fly out, F5 (Line Drive, 5)
Bottom of the 3rd over - 1 run, 1 hit, 0 errors, 0 left on base; Florida 1 - Augusta 3
TOP OF THE 4TH
Florida Men batting - Pitching for Augusta Timber Hawks : LHP Gary Barber
Batting: RHB Manny Maltby 0-0: Foul Ball, location: 2F
0-1: Fly out, F7 (Flyball, 7LD)
Batting: RHB Henry Lambright 0-0: Ball
1-0: Foul Ball, location: 2F
1-1: Fly out, F8 (Flyball, 8LM)
Batting: SHB Spencer Landes 0-0: Ball
1-0: Called Strike
1-1: Foul Ball, location: 2F
1-2: Fly out, F7 (Flyball, 7LS)
Top of the 4th over - 0 runs, 0 hits, 0 errors, 0 left on base; Florida 1 - Augusta 3
BOTTOM OF THE 4TH
Augusta Timber Hawks batting - Pitching for Florida Men : LHP Raymond Allan
Batting: RHB Jaime Cruz 0-0: Foul Ball, location: 2F
0-1: Ball
1-1: Foul Ball, location: 2F
1-2: Foul Ball, location: 2F
1-2: Foul Ball, location: 2F
1-2: Ground out 4-3 (Groundball, 4)
Batting: RHB Jesús Recesvinto 0-0: Ball
1-0: Hit by Pitch
Batting: RHB Jorge López 0-0: Swinging Strike
0-1: Foul Ball, location: 2F
0-2: Foul Ball, location: 2F
0-2: Ball
1-2: Foul Ball, location: 2F
1-2: Grounds into double play, 6-4-3 (Groundball, 6M)
Bottom of the 4th over - 0 runs, 0 hits, 0 errors, 0 left on base; Florida 1 - Augusta 3
TOP OF THE 5TH
Florida Men batting - Pitching for Augusta Timber Hawks : LHP Gary Barber
Batting: SHB Tim Fowler 0-0: Called Strike
0-1: Ball
1-1: Ball
2-1: Ground out 5-3 (Groundball, 5L)
Batting: LHB Jim Halpert 0-0: Called Strike
0-1: Swinging Strike
0-2: Strikes out swinging
Batting: RHB Kyle Vandenbrink 0-0: Fly out, F7 (Flyball, 7D)
Top of the 5th over - 0 runs, 0 hits, 0 errors, 0 left on base; Florida 1 - Augusta 3
BOTTOM OF THE 5TH
Augusta Timber Hawks batting - Pitching for Florida Men : LHP Raymond Allan
Batting: LHB Juan Gabriel 0-0: Called Strike
0-1: Ball
1-1: Ball
2-1: Foul Ball, location: 2F
2-2: Ball
3-2: Ground out 1-3 (Groundball, 15S)
Batting: SHB Nobuhisa Hatoyama 0-0: Ball
1-0: Fly out, F7 (Flyball, 7)
Batting: RHB Emmanuele Lucchetti 0-0: Ball
1-0: Ball
2-0: Ball
3-0: Base on Balls
Pitching: RHP Earl Simmons
Batting: LHB José Pérez 0-0: Swinging Strike
0-1: Ball
1-1: Swinging Strike
1-2: Ball
2-2: Foul Ball, location: 2F
2-2: Foul Ball, location: 2F
2-2: Foul Ball, location: 2F
2-2: Foul Ball, location: 2F
2-2: Foul Ball, location: 2F
2-2: Ball
3-2: Base on Balls
Emmanuele Lucchetti to second
Batting: RHB Dave Yates 0-0: Foul Ball, location: 2F
0-1: Ball
1-1: Foul Ball, location: 2F
1-2: Ball
2-2: Fly out, F7 (Line Drive, 78D)
Bottom of the 5th over - 0 runs, 0 hits, 0 errors, 2 left on base; Florida 1 - Augusta 3
TOP OF THE 6TH
Florida Men batting - Pitching for Augusta Timber Hawks : LHP Gary Barber
Batting: LHB Iemitsu Hatsutori 0-0: Called Strike
0-1: Ball
1-1: Foul Ball, location: 2F
1-2: Foul Ball, location: 2F
1-2: Ground out U3 (Groundball, 34)
Batting: RHB Israel Sanders 0-0: Called Strike
0-1: Called Strike
0-2: Strikes out swinging
Batting: RHB Warner Robinson 0-0: Called Strike
0-1: Fly out, F7 (Flyball, 7S)
Top of the 6th over - 0 runs, 0 hits, 0 errors, 0 left on base; Florida 1 - Augusta 3
BOTTOM OF THE 6TH
Augusta Timber Hawks batting - Pitching for Florida Men : RHP Earl Simmons
Batting: RHB Luis Tapia 0-0: Ball
1-0: Ball
2-0: Called Strike
2-1: Ball
3-1: Ground out 4-3 (Groundball, 4)
Batting: RHB Jaime Cruz 0-0: Fly out, F9 (Flyball, 9D)
Batting: RHB Jesús Recesvinto 0-0: Ball
1-0: Ball
2-0: Called Strike
2-1: SINGLE (Line Drive, 8LS)
Batting: RHB Jorge López 0-0: Foul Ball, location: 2F
0-1: Swinging Strike
0-2: Foul Ball, location: 2F
0-2: Ball
1-2: Ball
2-2: Strikes out swinging
Bottom of the 6th over - 0 runs, 1 hit, 0 errors, 1 left on base; Florida 1 - Augusta 3
TOP OF THE 7TH
Florida Men batting - Pitching for Augusta Timber Hawks : LHP Gary Barber
Batting: RHB Manny Maltby 0-0: Called Strike
0-1: Swinging Strike
0-2: Foul Ball, location: 2F
0-2: Ball
1-2: Foul Ball, location: 2F
1-2: Strikes out swinging
Batting: RHB Henry Lambright 0-0: Ball
1-0: Ground out 4-3 (Groundball, 4M)
Batting: SHB Spencer Landes 0-0: Ball
1-0: Fly out, F7 (Flyball, 7)
Top of the 7th over - 0 runs, 0 hits, 0 errors, 0 left on base; Florida 1 - Augusta 3
BOTTOM OF THE 7TH
Augusta Timber Hawks batting - Pitching for Florida Men : RHP Earl Simmons
Batting: LHB Juan Gabriel 0-0: Ball
1-0: Foul Ball, location: 2F
1-1: Ground out 3-1 (Groundball, 34S)
Batting: SHB Nobuhisa Hatoyama 0-0: SOLO HOME RUN (Flyball, 9LD), Distance : 348 ft
Batting: RHB Emmanuele Lucchetti 0-0: Ball
1-0: Called Strike
1-1: Ball
2-1: Ground out 6-3 (Groundball, 56)
Batting: LHB José Pérez 0-0: Ball
1-0: Ball
2-0: SINGLE (Groundball, 56) (infield hit)
Batting: RHB Dave Yates 0-0: Swinging Strike
0-1: Ball
1-1: Reached on error, E5 (Groundball, 56)
José Pérez to second
Batting: RHB Luis Tapia 0-0: Fielders Choice at 2nd, 5-4 (Groundball, 56)
Bottom of the 7th over - 1 run, 2 hits, 1 error, 2 left on base; Florida 1 - Augusta 4
TOP OF THE 8TH
Florida Men batting - Pitching for Augusta Timber Hawks : LHP Gary Barber
Batting: SHB Tim Fowler 0-0: Ball
1-0: Swinging Strike
1-1: Called Strike
1-2: Foul Ball, location: 2F
1-2: Ball
2-2: Ball
3-2: Base on Balls
Batting: LHB Jim Halpert 0-0: SINGLE (Line Drive, 4D)
Tim Fowler to second
Batting: RHB Kyle Vandenbrink 0-0: Called Strike
0-1: Fly out, F8 (Flyball, 78M)
Batting: LHB Iemitsu Hatsutori 0-0: Called Strike
0-1: Ball
1-1: Ball
2-1: Fly out, F5 (Popup, 5F)
Pitching: RHP Brian Krick
Batting: RHB Israel Sanders 0-0: Swinging Strike
0-1: Swinging Strike
0-2: Strikes out swinging
Top of the 8th over - 0 runs, 1 hit, 0 errors, 2 left on base; Florida 1 - Augusta 4
BOTTOM OF THE 8TH
Augusta Timber Hawks batting - Pitching for Florida Men : RHP Earl Simmons
Batting: RHB Jaime Cruz 0-0: Called Strike
0-1: Foul Ball, location: 2F
0-2: Ball
1-2: Ball
2-2: Ground out 6-3 (Groundball, 6)
Batting: RHB Jesús Recesvinto 0-0: Ground out 5-3 (Groundball, 5S)
Batting: RHB Jorge López 0-0: Ball
1-0: Ball
2-0: Foul Ball, location: 2F
2-1: Foul Ball, location: 2F
2-2: Ball
3-2: Foul Ball, location: 2F
3-2: Strikes out swinging
Bottom of the 8th over - 0 runs, 0 hits, 0 errors, 0 left on base; Florida 1 - Augusta 4
TOP OF THE 9TH
Florida Men batting - Pitching for Augusta Timber Hawks : RHP Brian Krick
Pitching: RHP Sam Pelsize
Batting: RHB Warner Robinson 0-0: Called Strike
0-1: Ball
1-1: Ball
2-1: Ground out 5-3 (Groundball, 56)
Batting: RHB Manny Maltby 0-0: Foul Ball, location: 2F
0-1: Swinging Strike
0-2: Strikes out swinging
Batting: RHB Henry Lambright 0-0: Foul Ball, location: 2F
0-1: Ball
1-1: Foul Ball, location: 2F
1-2: Ball
2-2: Ball
3-2: Base on Balls
Batting: SHB Spencer Landes 0-0: Ball
1-0: Ball
2-0: Called Strike
2-1: Foul Ball, location: 2F
2-2: Foul Ball, location: 2F
2-2: Strikes out looking
Top of the 9th over - 0 runs, 0 hits, 0 errors, 1 left on base; Florida 1 - Augusta 4
Sunday, March 18th, 2018 - OOTP Baseball 18.8 Build 76